Marlies vs Barracuda

Created - June 8, 2022 at 20:48

Goals
1 2 3 OT1 T
Marlies 0 1 2 0 3
Barracuda 1 0 2 1 4
Shots
1 2 3 OT1 T
Marlies 11 4 18 0 33
Barracuda 19 6 6 1 32

1st period

1. Barracuda , Sam Carrick 38 (Brandon Kozun 34, Mario Lucia 8) at 9:56

Penalties :
Sam Carrick (S.J) for Slashing (Minor) at 0:17

2nd period

2. Marlies , Logan Brown 16 (Brett Pesce 42, Tyler Benson 9) at 3:19

Penalties :
Pavel Zacha (Tor) for Charging (Minor) at 8:23, Pavel Zacha (Tor) for Hooking (Minor) at 15:52

3rd period

3. Barracuda , Alex Iafallo 39 (Eric Gustafsson 29, Markus Nutivaara 72) at 0:38
4. Marlies , Logan Brown 17 (Mathieu Olivier 10) at 4:11
5. Barracuda , Alex Henriksson 13 (Noah Gregor 6, Robin Norell 13) at 13:02
6. Marlies , Nick Ritchie 65 (Nicholas Baptiste 53, Pavel Zacha 54) at 13:09

Penalties :
Aleksi Saarela (Tor) for Tripping (Minor) at 1:05, Samuel Groulx (S.J) for Roughing (Minor) at 8:05, Alex Iafallo (S.J) for Slashing (Minor) at 13:18

Overtime #1

7. Barracuda , Alex Iafallo 40 (Markus Nutivaara 73, Sam Carrick 67) at 0:13

Penalties :
No Penalty

Goalie Stats

Malcolm Subban (Tor), 28 saves from 32 shots - (0.875), OTL, 27-14-7, 60:13 minutes
Joacim Eriksson (S.J), 30 saves from 33 shots - (0.909), W, 27-21-3, 60:13 minutes

Players Stats for Marlies

Player Name              G  A  P  +/- PIM S  H  SB GA TA FO     MP     PP MP  PK MP  
------------------------------------------------------------------------------------
Aleksi Saarela           0  0  0  -1  2   2  0  0  0  0  4/14   17:30   2:38   1:12 
Brett Pesce              0  1  1   1  0   0  1  1  0  2  0/0    17:50   2:31   1:37 
Colton Sissons           0  0  0  -1  0   2  1  0  0  0  9/12   15:49   3:13   3:17 
Dennis Gilbert           0  0  0  -1  0   2  1  0  0  0  0/0    15:39   0:00   0:00 
Haydn Fleury             0  0  0  -1  0   1  0  0  0  0  0/0    26:44   3:26   4:20 
Jeff Corbett             0  0  0   1  0   0  1  1  0  1  0/0    17:50   2:31   1:37 
Johan Larsson            0  0  0   0  0   0  0  0  0  0  0/0    11:58   0:03   1:39 
JT Compher               0  0  0  -1  0   4  0  1  1  0  1/1    14:27   0:23   0:00 
Linden Vey               0  0  0   0  0   2  1  0  0  0  1/1    14:34   2:41   2:01 
Logan Brown              2  0  2   1  0   2  2  0  0  0  1/4     9:15   0:00   0:04 
Lucas Carlsson           0  0  0  -1  0   0  0  0  0  0  0/0    15:39   0:00   0:00 
Mathieu Olivier          0  1  1   1  0   0  1  0  0  0  0/0     8:25   0:17   0:00 
Neal Pionk               0  0  0  -1  0   2  1  1  1  2  0/0    26:44   3:26   4:20 
Nicholas Baptiste        0  1  1   0  0   5  2  0  1  1  1/2    18:54   2:59   0:00 
Nick Ritchie             1  0  1  -1  0   7  1  1  1  0  0/0    19:13   2:59   0:00 
Pavel Zacha              0  1  1   0  4   2  2  0  0  0  12/23  17:19   0:00   0:43 
Tyler Benson             0  1  1   1  0   0  1  0  0  0  0/0     7:52   0:00   0:00 
Tyler Bertuzzi           0  0  0  -1  0   2  1  1  0  0  1/1    19:10   2:38   2:58 

Players Stats for Barracuda

Player Name              G  A  P  +/- PIM S  H  SB GA TA FO     MP     PP MP  PK MP  
------------------------------------------------------------------------------------
Alex Henriksson          1  0  1  -1  0   2  3  0  1  0  0/0    10:26   0:00   1:42 
Alex Iafallo             2  0  2   2  2   5  1  2  1  0  3/6    20:54   3:11   2:12 
Alex Lintuniemi          0  0  0   0  0   0  0  1  0  0  0/0     6:43   0:00   0:26 
Brandon Kozun            0  1  1   1  0   2  1  0  0  0  2/3    19:24   3:17   1:15 
Chris Wagner             0  0  0   0  0   0  1  0  1  0  0/0    10:47   0:04   0:00 
Cole Ully                0  0  0   0  0   2  1  0  1  0  0/0    10:15   0:00   0:03 
David Shields            0  0  0  -1  0   0  2  0  0  1  0/0    19:41   2:01   2:38 
Dennis Cholowski         0  0  0   0  0   0  0  0  0  0  0/0     6:17   0:00   0:00 
Drew O'Connor            0  0  0   0  0   0  1  0  0  1  0/3     2:45   0:00   2:16 
Emil Pettersson          0  0  0   0  0   3  1  0  0  0  7/12   16:27   2:36   0:43 
Eric Gustafsson          0  1  1   2  0   3  2  1  0  0  0/0    23:28   3:56   3:19 
Jaedon Descheneau        0  0  0   0  0   0  0  0  0  0  0/0     0:00   0:00   0:00 
Jerome Gauthier-Leduc    0  0  0   0  0   0  0  0  0  0  0/0    11:25   0:00   0:38 
Justin Shugg             0  0  0   0  0   1  3  0  0  0  1/2    15:50   2:36   0:00 
Mario Lucia              0  1  1  -1  0   0  2  0  1  0  0/0     8:20   0:00   0:00 
Markus Nutivaara         0  2  2   2  0   2  1  0  0  2  0/0    23:28   3:56   3:19 
Noah Gregor              0  1  1  -1  0   0  1  0  0  0  1/2     8:20   0:00   0:00 
Robin Norell             0  1  1   0  0   0  0  0  0  0  0/0    10:47   0:00   0:00 
Sam Carrick              1  1  2   2  2   6  5  1  0  0  9/24   20:27   3:14   2:01 
Samuel Groulx            0  0  0  -1  2   1  0  1  1  0  0/0    18:43   2:01   1:34 
Tanner Jeannot           0  0  0   0  0   0  0  0  0  0  0/0     1:52   0:13   0:00 
Theodor Blueger          0  0  0   0  0   0  0  0  0  0  5/6    10:39   0:00   0:27 
Thomas Gobeil            0  0  0   0  0   0  0  0  0  0  0/0     0:44   0:04   0:00 
William Carrier          0  0  0   0  0   5  1  0  0  0  0/0    17:10   2:36   1:15 

3 Stars

1 - Alex Iafallo (S.J)
2 - Logan Brown (Tor)
3 - Sam Carrick (S.J)

Power Play

Marlies - 0 on 3 Attempt(s) - 0.00%
Barracuda - 0 on 3 Attempt(s) - 0.00%

Penalty Kill

Marlies - 3 on 3 Attempt(s) - 100.00% - Score 0 goal in Penalty Kill
Barracuda - 3 on 3 Attempt(s) - 100.00% - Score 0 goal in Penalty Kill

Team Stat

Marlies - Hits : 16 - Faceoff Wins : 30 - Blocked Shots : 6 - Penalty Minutes : 6
Barracuda - Hits : 26 - Faceoff Wins : 28 - Blocked Shots : 6 - Penalty Minutes : 6

Official

Referees : Trevor Hanson and Conor O'Donnell
Linesman : Devin Berg and Tyson Baker

Game Notes

No Game Note

Finance

Level 1 -- Attendance: 1707 (85.35%) -- Ticket Income $59,745
Level 2 -- Attendance: 904 (90.40%) -- Ticket Income $13,560
Total Attendance: 2611 (87.03%)
Total Ticket Income: $73,305
Other Income: $3,665
Total Income: $76,970

Marlies

5 vs 5 Forward 
   Center                   Left Wing                Right Wing               Time % Phy DF OF 
 1 Pavel Zacha              Nick Ritchie             Nicholas Baptiste        40     1   2  2  
 2 Aleksi Saarela           Tyler Bertuzzi           JT Compher               30     1   2  2  
 3 Colton Sissons           Johan Larsson            Linden Vey               20     1   2  2  
 4 Logan Brown              Tyler Benson             Mathieu Olivier          10     1   2  2  

5 vs 5 Defense 
   Defense                  Defense                                           Time % Phy DF OF 
 1 Haydn Fleury             Neal Pionk                                        40     1   2  2  
 2 Brett Pesce              Jeff Corbett                                      30     1   2  2  
 3 Dennis Gilbert           Lucas Carlsson                                    20     1   2  2  
 4 Neal Pionk               Haydn Fleury                                      10     1   2  2  

PowerPlay Forward 
   Center                   Left Wing                Right Wing               Time % Phy DF OF 
 1 Colton Sissons           Nick Ritchie             Nicholas Baptiste        60     1   2  2  
 2 Aleksi Saarela           Tyler Bertuzzi           Linden Vey               40     1   2  2  

PowerPlay Defense
   Defense                  Defense                                           Time % Phy DF OF 
 1 Haydn Fleury             Neal Pionk                                        60     1   2  2  
 2 Brett Pesce              Jeff Corbett                                      40     1   2  2  

Penalty Kill 4 Players Forward 
   Center                   Wing                     Time % Phy DF OF 
 1 Colton Sissons           Tyler Bertuzzi           60     1   2  2  
 2 Aleksi Saarela           Linden Vey               40     1   2  2  

Penalty Kill 4 Players Defense
   Defense                  Defense                  Time % Phy DF OF 
 1 Haydn Fleury             Neal Pionk               60     1   2  2  
 2 Brett Pesce              Jeff Corbett             40     1   2  2  

Penalty Kill - 3 Players Forward 
   Forward                                           Time % Phy DF OF 
 1 Tyler Bertuzzi                                    60     1   2  2  
 2 Colton Sissons                                    40     1   2  2  

Penalty Kill - 3 Players Defense
   Defense                  Defense                  Time % Phy DF OF 
 1 Haydn Fleury             Neal Pionk               60     1   2  2  
 2 Brett Pesce              Jeff Corbett             40     1   2  2  

4 vs 4 Forward 
   Center                   Wing                     Time % Phy DF OF 
 1 Colton Sissons           Nick Ritchie             60     1   2  2  
 2 Aleksi Saarela           Tyler Bertuzzi           40     1   2  2  

4 vs 4 Defense
   Defense                  Defense                  Time % Phy DF OF 
 1 Haydn Fleury             Neal Pionk               60     1   2  2  
 2 Brett Pesce              Jeff Corbett             40     1   2  2  

Last Minutes Offensive
   Center                   Left Wing                Right Wing               Defense                  Defense                  
   Colton Sissons           Nick Ritchie             Nicholas Baptiste        Haydn Fleury             Neal Pionk               

Last Minutes Defensive
   Center                   Left Wing                Right Wing               Defense                  Defense                  
   Colton Sissons           Tyler Bertuzzi           Linden Vey               Haydn Fleury             Neal Pionk               

Goaltenders
Starting : Malcolm Subban           
Backup : Charlie Lindgren         

Extra Forwards
Normal : Linden Vey, Logan Brown, Nicholas Baptiste - PP : Linden Vey, JT Compher - PK : Linden Vey
Extra Defensemen
Normal : Lucas Carlsson, Jeff Corbett, Neal Pionk - PP : Lucas Carlsson - PK : Lucas Carlsson, Neal Pionk
Penalty Shots
Colton Sissons, Aleksi Saarela, JT Compher, Linden Vey, Pavel Zacha

Scratches
Brycen Martin (Healthy), Henri Ikonen (Healthy), Jaden Lindo (Healthy), Jakob Forsbacka-Karlsson (Healthy), Radovan Bondra (Healthy)
Simon Bourque (Healthy), Tim Erixon (Strained Right Elbow Injury), Tobias Lindberg (Healthy), Zack MacEwen (Healthy), Otto Koivula (Healthy)
Jamie Phillips (Healthy)

Barracuda

5 vs 5 Forward 
   Center                   Left Wing                Right Wing               Time % Phy DF OF 
 1 Sam Carrick              Alex Iafallo             Brandon Kozun            40     1   2  2  
 2 Emil Pettersson          William Carrier          Justin Shugg             30     1   2  2  
 3 Theodor Blueger          Cole Ully                Chris Wagner             20     1   2  2  
 4 Noah Gregor              Alex Henriksson          Mario Lucia              10     1   2  2  

5 vs 5 Defense 
   Defense                  Defense                                           Time % Phy DF OF 
 1 Markus Nutivaara         Eric Gustafsson                                   40     1   2  2  
 2 Samuel Groulx            David Shields                                     30     1   2  2  
 3 Robin Norell             Jerome Gauthier-Leduc                             20     1   2  2  
 4 Alex Lintuniemi          Dennis Cholowski                                  10     1   2  2  

PowerPlay Forward 
   Center                   Left Wing                Right Wing               Time % Phy DF OF 
 1 Sam Carrick              Alex Iafallo             Brandon Kozun            60     1   2  2  
 2 Emil Pettersson          William Carrier          Justin Shugg             40     1   2  2  

PowerPlay Defense
   Defense                  Defense                                           Time % Phy DF OF 
 1 Markus Nutivaara         Eric Gustafsson                                   60     1   2  2  
 2 Samuel Groulx            David Shields                                     40     1   2  2  

Penalty Kill 4 Players Forward 
   Center                   Wing                     Time % Phy DF OF 
 1 Alex Iafallo             Sam Carrick              60     1   2  2  
 2 Brandon Kozun            William Carrier          40     1   2  2  

Penalty Kill 4 Players Defense
   Defense                  Defense                  Time % Phy DF OF 
 1 Markus Nutivaara         Eric Gustafsson          60     1   2  2  
 2 Samuel Groulx            David Shields            40     1   2  2  

Penalty Kill - 3 Players Forward 
   Forward                                           Time % Phy DF OF 
 1 Alex Iafallo                                      60     1   2  2  
 2 Sam Carrick                                       40     1   2  2  

Penalty Kill - 3 Players Defense
   Defense                  Defense                  Time % Phy DF OF 
 1 Markus Nutivaara         Eric Gustafsson          60     1   2  2  
 2 Samuel Groulx            David Shields            40     1   2  2  

4 vs 4 Forward 
   Center                   Wing                     Time % Phy DF OF 
 1 Alex Iafallo             Sam Carrick              60     1   2  2  
 2 Brandon Kozun            William Carrier          40     1   2  2  

4 vs 4 Defense
   Defense                  Defense                  Time % Phy DF OF 
 1 Markus Nutivaara         Eric Gustafsson          60     1   2  2  
 2 Samuel Groulx            David Shields            40     1   2  2  

Last Minutes Offensive
   Center                   Left Wing                Right Wing               Defense                  Defense                  
   Sam Carrick              Alex Iafallo             Brandon Kozun            Markus Nutivaara         Eric Gustafsson          

Last Minutes Defensive
   Center                   Left Wing                Right Wing               Defense                  Defense                  
   Sam Carrick              Alex Iafallo             Brandon Kozun            Markus Nutivaara         Eric Gustafsson          

Goaltenders
Starting : Joacim Eriksson          
Backup : Oscar Dansk              

Extra Forwards
Normal : Tanner Jeannot, Thomas Gobeil, Drew O'Connor - PP : Tanner Jeannot, Thomas Gobeil - PK : Drew O'Connor
Extra Defensemen
Normal : Robin Norell, Jerome Gauthier-Leduc, Alex Lintuniemi - PP : Robin Norell - PK : Jerome Gauthier-Leduc, Alex Lintuniemi
Penalty Shots
Alex Iafallo, Sam Carrick, Brandon Kozun, William Carrier, Emil Pettersson

Scratches
Arturs Kulda (Right Hand Injury), Dmitrij Jaskin (Healthy), Kevin Lankinen (Healthy)

% Time on Ice - Marlies

Lines # - Real PCT - Wanted PCT - Time Play
Normal Forward
1 - 36% - 40% - 17:08
2 - 31% - 30% - 15:08
3 - 17% - 20% - 7:58
4 - 16% - 10% - 7:52
Normal Defense
1 - 36% - 40% - 17:05
2 - 28% - 30% - 13:42
3 - 33% - 20% - 15:39
4 - 3% - 10% - 1:40
PP Forward
1 - 56% - 60% - 3:19
2 - 44% - 40% - 2:38
PP Defense
1 - 58% - 60% - 3:26
2 - 42% - 40% - 2:31
PK Forward
1 - 78% - 60% - 4:37
2 - 22% - 40% - 1:20
PK Defense
1 - 73% - 60% - 4:20
2 - 27% - 40% - 1:37
PK3 Forward
1 - 0% - 60%
2 - 0% - 40%
PK3 Defense
1 - 0% - 60%
2 - 0% - 40%
44 Forward
1 - 100% - 60% - 0:13
2 - 0% - 40% - 0:00
44 Defense
1 - 100% - 60% - 0:13
2 - 0% - 40% - 0:00
Last Minute Offensive  - 0:00
Last Minute Defensive  - 0:00
Total
Forward - 60:13
Defense - 60:13

% Time on Ice - Barracuda

Lines # - Real PCT - Wanted PCT - Time Play
Normal Forward
1 - 34% - 40% - 16:08
2 - 28% - 30% - 13:26
3 - 21% - 20% - 10:12
4 - 17% - 10% - 8:20
Normal Defense
1 - 33% - 40% - 16:00
2 - 31% - 30% - 15:02
3 - 22% - 20% - 10:47
4 - 13% - 10% - 6:17
PP Forward
1 - 56% - 60% - 3:21
2 - 44% - 40% - 2:36
PP Defense
1 - 66% - 60% - 3:56
2 - 34% - 40% - 2:01
PK Forward
1 - 79% - 60% - 4:42
2 - 21% - 40% - 1:15
PK Defense
1 - 56% - 60% - 3:19
2 - 44% - 40% - 2:38
PK3 Forward
1 - 0% - 60%
2 - 0% - 40%
PK3 Defense
1 - 0% - 60%
2 - 0% - 40%
44 Forward
1 - 100% - 60% - 0:13
2 - 0% - 40% - 0:00
44 Defense
1 - 100% - 60% - 0:13
2 - 0% - 40% - 0:00
Last Minute Offensive  - 0:00
Last Minute Defensive  - 0:00
Total
Forward - 60:13
Defense - 60:13

Play-by-Play

1st period


0:01 of 1st period - Sam Carrick wins face-off versus Pavel Zacha in neutral zone.
0:17 of 1st period - Minor Penalty to Sam Carrick for Slashing.
0:18 of 1st period - Alex Iafallo wins face-off versus Colton Sissons in Barracuda zone.
0:26 of 1st period - Snap shot by Nick Ritchie.
0:26 of 1st period - Stopped by Joacim Eriksson without a rebound.
0:27 of 1st period - Colton Sissons wins face-off versus Drew O'Connor in Barracuda zone.
0:42 of 1st period - Snap shot by Nicholas Baptiste.
0:42 of 1st period - Deflect By Nick Ritchie.
0:42 of 1st period - Stopped by Joacim Eriksson with a rebound.
0:44 of 1st period - Backhand shot by Haydn Fleury.
0:44 of 1st period - Stopped by Joacim Eriksson without a rebound.
0:45 of 1st period - Brandon Kozun wins face-off versus Aleksi Saarela in Barracuda zone.
2:17 of 1st period - Penalty to Sam Carrick is over, Sam Carrick is back on ice.
2:29 of 1st period - Backhand shot by Sam Carrick.
2:29 of 1st period - Stopped by Malcolm Subban with a rebound.
2:31 of 1st period - Slapshot by Markus Nutivaara.
2:31 of 1st period - Stopped by Malcolm Subban without a rebound.
2:32 of 1st period - Theodor Blueger wins face-off versus Logan Brown in Marlies zone.
2:42 of 1st period - Off-side.
2:43 of 1st period - Emil Pettersson wins face-off versus Aleksi Saarela in neutral zone.
2:45 of 1st period - Off-side.
2:46 of 1st period - Emil Pettersson wins face-off versus Aleksi Saarela in neutral zone.
3:01 of 1st period - Slapshot by Emil Pettersson.
3:01 of 1st period - Shot Misses the Net.
3:15 of 1st period - Wrist shot by Linden Vey.
3:15 of 1st period - Stopped by Joacim Eriksson without a rebound.
3:16 of 1st period - Colton Sissons wins face-off versus Sam Carrick in Barracuda zone.
3:47 of 1st period - Snap shot by Nicholas Baptiste.
3:47 of 1st period - Shot Hit the Post.
4:03 of 1st period - Haydn Fleury is hit by Alex Henriksson and loses puck.
4:26 of 1st period - Slapshot by Alex Iafallo.
4:26 of 1st period - Stopped by Malcolm Subban without a rebound.
4:27 of 1st period - Pavel Zacha wins face-off versus Sam Carrick in Marlies zone.
4:37 of 1st period - Icing by Markus Nutivaara.
4:38 of 1st period - Brandon Kozun wins face-off versus Nicholas Baptiste in Barracuda zone.
4:38 of 1st period - Brandon Kozun is hit by Nicholas Baptiste.
4:46 of 1st period - Wrist shot by Sam Carrick.
4:46 of 1st period - Stopped by Malcolm Subban without a rebound.
4:47 of 1st period - Emil Pettersson wins face-off versus Pavel Zacha in Marlies zone.
4:53 of 1st period - Slapshot by Samuel Groulx.
4:53 of 1st period - Deflect By Nick Ritchie.
4:53 of 1st period - Stopped by Malcolm Subban with a rebound.
4:55 of 1st period - Wrist shot by William Carrier.
4:55 of 1st period - Stopped by Malcolm Subban with a rebound.
6:05 of 1st period - Eric Gustafsson is hit by Tyler Benson and loses puck.
6:44 of 1st period - Slapshot by JT Compher.
6:44 of 1st period - Shot Misses the Net.
6:48 of 1st period - Wrist shot by Aleksi Saarela.
6:48 of 1st period - Shot Misses the Net.
7:04 of 1st period - Snap shot by Cole Ully.
7:04 of 1st period - Stopped by Malcolm Subban with a rebound.
7:06 of 1st period - Snap shot by Chris Wagner.
7:06 of 1st period - Shot Misses the Net.
7:20 of 1st period - Snap shot by Linden Vey.
7:20 of 1st period - Deflect By Nicholas Baptiste.
7:20 of 1st period - Deflect By David Shields.
7:20 of 1st period - Shot Misses the Net.
7:20 of 1st period - Puck is out of play.
7:21 of 1st period - Noah Gregor wins face-off versus Pavel Zacha in Barracuda zone.
7:48 of 1st period - Emil Pettersson is hit by Neal Pionk and loses puck.
8:14 of 1st period - Wrist shot by Sam Carrick.
8:14 of 1st period - Stopped by Malcolm Subban without a rebound.
8:15 of 1st period - Emil Pettersson wins face-off versus Pavel Zacha in Marlies zone.
8:20 of 1st period - Backhand shot by William Carrier.
8:20 of 1st period - Deflect By Emil Pettersson.
8:20 of 1st period - Stopped by Malcolm Subban with a rebound.
8:22 of 1st period - Snap shot by Justin Shugg.
8:22 of 1st period - Shot Blocked by Nick Ritchie.
8:24 of 1st period - Wrist shot by Eric Gustafsson.
8:24 of 1st period - Shot Misses the Net.
8:26 of 1st period - Snap shot by William Carrier.
8:26 of 1st period - Deflect By Justin Shugg.
8:26 of 1st period - Deflect By Haydn Fleury.
8:26 of 1st period - Stopped by Malcolm Subban with a rebound.
8:28 of 1st period - Backhand shot by William Carrier.
8:28 of 1st period - Stopped by Malcolm Subban without a rebound.
8:29 of 1st period - Sam Carrick wins face-off versus Aleksi Saarela in Marlies zone.
8:30 of 1st period - Snap shot by Alex Iafallo.
8:30 of 1st period - Stopped by Malcolm Subban with a rebound.
8:54 of 1st period - Nicholas Baptiste is hit by William Carrier and loses puck.
9:52 of 1st period - Snap shot by Brandon Kozun.
9:52 of 1st period - Stopped by Malcolm Subban with a rebound.
9:56 of 1st period - Snap shot by Sam Carrick.
9:56 of 1st period - Goal by Sam Carrick - Marlies : 0 - Barracuda : 1.
9:57 of 1st period - Pavel Zacha wins face-off versus Sam Carrick in neutral zone.
10:13 of 1st period - Snap shot by Nicholas Baptiste.
10:13 of 1st period - Stopped by Joacim Eriksson with a rebound.
11:25 of 1st period - Slapshot by Pavel Zacha.
11:25 of 1st period - Deflect By Nick Ritchie.
11:25 of 1st period - Stopped by Joacim Eriksson without a rebound.
11:26 of 1st period - Sam Carrick wins face-off versus Pavel Zacha in Barracuda zone.
11:26 of 1st period - Sam Carrick is hit by Nicholas Baptiste.
11:42 of 1st period - Snap shot by Nick Ritchie.
11:42 of 1st period - Shot Misses the Net.
11:52 of 1st period - Neal Pionk is hit by Alex Iafallo.
12:04 of 1st period - Snap shot by Sam Carrick.
12:04 of 1st period - Stopped by Malcolm Subban with a rebound.
12:18 of 1st period - Snap shot by Pavel Zacha.
12:18 of 1st period - Stopped by Joacim Eriksson with a rebound.
12:20 of 1st period - Snap shot by Nick Ritchie.
12:20 of 1st period - Shot Misses the Net.
12:22 of 1st period - Wrist shot by Nicholas Baptiste.
12:22 of 1st period - Shot Misses the Net.
12:24 of 1st period - Wrist shot by Nicholas Baptiste.
12:24 of 1st period - Shot Misses the Net.
12:26 of 1st period - Snap shot by Nick Ritchie.
12:26 of 1st period - Deflect By Pavel Zacha.
12:26 of 1st period - Shot Blocked by Alex Iafallo.
12:26 of 1st period - Puck is out of play.
12:27 of 1st period - Tyler Bertuzzi wins face-off versus Emil Pettersson in Barracuda zone.
12:30 of 1st period - Wrist shot by JT Compher.
12:30 of 1st period - Stopped by Joacim Eriksson with a rebound.
12:32 of 1st period - Wrist shot by Aleksi Saarela.
12:32 of 1st period - Shot Blocked by Samuel Groulx.
12:34 of 1st period - Slapshot by Jeff Corbett.
12:34 of 1st period - Shot Misses the Net.
12:42 of 1st period - Slapshot by Tyler Bertuzzi.
12:42 of 1st period - Shot Misses the Net.
12:52 of 1st period - Jeff Corbett is hit by David Shields and loses puck.
15:00 of 1st period - David Shields is hit by Pavel Zacha and loses puck.
15:44 of 1st period - Snap shot by William Carrier.
15:44 of 1st period - Stopped by Malcolm Subban with a rebound.
15:54 of 1st period - Snap shot by Nicholas Baptiste.
15:54 of 1st period - Stopped by Joacim Eriksson without a rebound.
15:55 of 1st period - Theodor Blueger wins face-off versus Aleksi Saarela in Barracuda zone.
16:20 of 1st period - Jeff Corbett is hit by Sam Carrick and loses puck.
16:27 of 1st period - Wrist shot by Alex Iafallo.
16:27 of 1st period - Shot Misses the Net.
16:29 of 1st period - Slapshot by Samuel Groulx.
16:29 of 1st period - Deflect By Brandon Kozun.
16:29 of 1st period - Stopped by Malcolm Subban without a rebound.
16:30 of 1st period - Aleksi Saarela wins face-off versus Justin Shugg in Marlies zone.
16:30 of 1st period - Aleksi Saarela is hit by Justin Shugg.
17:24 of 1st period - Slapshot by Eric Gustafsson.
17:24 of 1st period - Deflect By Lucas Carlsson.
17:24 of 1st period - Stopped by Malcolm Subban with a rebound.
17:40 of 1st period - Slapshot by JT Compher.
17:40 of 1st period - Deflect By Markus Nutivaara.
17:40 of 1st period - Shot Misses the Net.
17:40 of 1st period - Puck is out of play.
17:41 of 1st period - Justin Shugg wins face-off versus Aleksi Saarela in Barracuda zone.
18:39 of 1st period - Backhand shot by William Carrier.
18:39 of 1st period - Shot Misses the Net.
18:55 of 1st period - Wrist shot by JT Compher.
18:55 of 1st period - Shot Misses the Net.
18:57 of 1st period - Snap shot by JT Compher.
18:57 of 1st period - Stopped by Joacim Eriksson with a rebound.
18:59 of 1st period - Slapshot by JT Compher.
18:59 of 1st period - Deflect By William Carrier.
18:59 of 1st period - Stopped by Joacim Eriksson with a rebound.
19:01 of 1st period - Snap shot by Tyler Bertuzzi.
19:01 of 1st period - Shot Misses the Net.
19:03 of 1st period - Snap shot by Tyler Bertuzzi.
19:03 of 1st period - Deflect By JT Compher.
19:03 of 1st period - Shot Misses the Net.
19:03 of 1st period - Puck is out of play.
19:04 of 1st period - Pavel Zacha wins face-off versus Sam Carrick in Barracuda zone.
19:52 of 1st period - Slapshot by Eric Gustafsson.
19:52 of 1st period - Stopped by Malcolm Subban with a rebound.
Goals for this period are 0 for Marlies vs 1 for Barracuda.
Shots for this period are 11 for Marlies vs 19 for Barracuda.

2nd period


0:01 of 2nd period - Pavel Zacha wins face-off versus Sam Carrick in neutral zone.
0:26 of 2nd period - Justin Shugg is hit by Linden Vey and loses puck.
0:37 of 2nd period - Snap shot by Johan Larsson.
0:37 of 2nd period - Shot Misses the Net.
0:51 of 2nd period - Backhand shot by Chris Wagner.
0:51 of 2nd period - Shot Blocked by JT Compher.
2:00 of 2nd period - Off-side.
2:01 of 2nd period - JT Compher wins face-off versus Theodor Blueger in neutral zone.
2:06 of 2nd period - Haydn Fleury is hit by Eric Gustafsson and loses puck.
2:52 of 2nd period - Snap shot by William Carrier.
2:52 of 2nd period - Shot Blocked by Brett Pesce.
2:54 of 2nd period - Slapshot by Emil Pettersson.
2:54 of 2nd period - Stopped by Malcolm Subban with a rebound.
2:56 of 2nd period - Wrist shot by William Carrier.
2:56 of 2nd period - Shot Misses the Net.
3:10 of 2nd period - Robin Norell is hit by Logan Brown and loses puck.
3:19 of 2nd period - Snap shot by Logan Brown.
3:19 of 2nd period - Goal by Logan Brown - Marlies : 1 - Barracuda : 1.
3:20 of 2nd period - Sam Carrick wins face-off versus Pavel Zacha in neutral zone.
3:25 of 2nd period - Wrist shot by Sam Carrick.
3:25 of 2nd period - Shot Misses the Net.
3:29 of 2nd period - Slapshot by Markus Nutivaara.
3:29 of 2nd period - Stopped by Malcolm Subban with a rebound.
3:36 of 2nd period - Off-side.
3:37 of 2nd period - Emil Pettersson wins face-off versus Aleksi Saarela in neutral zone.
3:44 of 2nd period - Slapshot by Emil Pettersson.
3:44 of 2nd period - Stopped by Malcolm Subban without a rebound.
3:45 of 2nd period - Emil Pettersson wins face-off versus Aleksi Saarela in Marlies zone.
4:23 of 2nd period - Wrist shot by William Carrier.
4:23 of 2nd period - Stopped by Malcolm Subban without a rebound.
4:24 of 2nd period - Pavel Zacha wins face-off versus Sam Carrick in Marlies zone.
4:49 of 2nd period - Markus Nutivaara is hit by Jeff Corbett and loses puck.
5:14 of 2nd period - Mathieu Olivier is hit by Noah Gregor and loses puck.
6:26 of 2nd period - Samuel Groulx is hit by Tyler Bertuzzi and loses puck.
7:06 of 2nd period - Wrist shot by Nick Ritchie.
7:06 of 2nd period - Deflect By Nicholas Baptiste.
7:06 of 2nd period - Stopped by Joacim Eriksson with a rebound.
7:20 of 2nd period - Eric Gustafsson is hit by Colton Sissons and loses puck.
8:23 of 2nd period - Minor Penalty to Pavel Zacha for Charging.
8:24 of 2nd period - Colton Sissons wins face-off versus Sam Carrick in Marlies zone.
8:24 of 2nd period - Colton Sissons is hit by Sam Carrick.
8:31 of 2nd period - Colton Sissons is hit by Sam Carrick and loses puck.
9:22 of 2nd period - Brett Pesce is hit by Sam Carrick.
9:38 of 2nd period - Tyler Bertuzzi is hit by Justin Shugg and loses puck.
10:22 of 2nd period - Neal Pionk is hit by Chris Wagner and loses puck.
10:23 of 2nd period - Penalty to Pavel Zacha is over, Pavel Zacha is back on ice.
10:33 of 2nd period - Snap shot by Tanner Jeannot.
10:33 of 2nd period - Shot Misses the Net.
10:47 of 2nd period - Haydn Fleury is hit by Mario Lucia and loses puck.
11:08 of 2nd period - Cole Ully is hit by Mathieu Olivier and loses puck.
13:08 of 2nd period - Icing by Alex Lintuniemi.
13:09 of 2nd period - Theodor Blueger wins face-off versus Logan Brown in Barracuda zone.
13:38 of 2nd period - Wrist shot by Nicholas Baptiste.
13:38 of 2nd period - Shot Misses the Net.
13:40 of 2nd period - Slapshot by Nicholas Baptiste.
13:40 of 2nd period - Shot Misses the Net.
13:52 of 2nd period - Slapshot by Emil Pettersson.
13:52 of 2nd period - Deflect By Colton Sissons.
13:52 of 2nd period - Shot Blocked by Jeff Corbett.
13:52 of 2nd period - Puck is out of play.
13:53 of 2nd period - Colton Sissons wins face-off versus Emil Pettersson in Marlies zone.
13:59 of 2nd period - Off-side.
14:00 of 2nd period - Sam Carrick wins face-off versus Pavel Zacha in neutral zone.
14:57 of 2nd period - Icing by JT Compher.
14:58 of 2nd period - Aleksi Saarela wins face-off versus Sam Carrick in Marlies zone.
15:05 of 2nd period - Aleksi Saarela is hit by Sam Carrick and loses puck.
15:22 of 2nd period - Snap shot by Tyler Bertuzzi.
15:22 of 2nd period - Shot Misses the Net.
15:30 of 2nd period - Slapshot by Aleksi Saarela.
15:30 of 2nd period - Stopped by Joacim Eriksson without a rebound.
15:31 of 2nd period - Sam Carrick wins face-off versus Pavel Zacha in Barracuda zone.
15:52 of 2nd period - Minor Penalty to Pavel Zacha for Hooking.
15:53 of 2nd period - Colton Sissons wins face-off versus Sam Carrick in Marlies zone.
16:03 of 2nd period - Icing by Alex Iafallo.
16:04 of 2nd period - Colton Sissons wins face-off versus Sam Carrick in Barracuda zone.
16:13 of 2nd period - Slapshot by Markus Nutivaara.
16:13 of 2nd period - Shot Misses the Net.
16:15 of 2nd period - Wrist shot by Alex Iafallo.
16:15 of 2nd period - Stopped by Malcolm Subban with a rebound.
16:17 of 2nd period - Snap shot by Brandon Kozun.
16:17 of 2nd period - Deflect By Neal Pionk.
16:17 of 2nd period - Shot Misses the Net.
16:17 of 2nd period - Puck is out of play.
16:18 of 2nd period - Colton Sissons wins face-off versus Sam Carrick in Marlies zone.
16:47 of 2nd period - Linden Vey is hit by Emil Pettersson and loses puck.
17:18 of 2nd period - Slapshot by Brett Pesce.
17:18 of 2nd period - Shot Misses the Net.
17:52 of 2nd period - Penalty to Pavel Zacha is over, Pavel Zacha is back on ice.
18:02 of 2nd period - Snap shot by Nicholas Baptiste.
18:02 of 2nd period - Shot Blocked by Eric Gustafsson.
18:04 of 2nd period - Snap shot by Pavel Zacha.
18:04 of 2nd period - Deflect By Nick Ritchie.
18:04 of 2nd period - Shot Misses the Net.
18:04 of 2nd period - Puck is out of play.
18:05 of 2nd period - Theodor Blueger wins face-off versus Pavel Zacha in Barracuda zone.
18:53 of 2nd period - Wrist shot by Sam Carrick.
18:53 of 2nd period - Stopped by Malcolm Subban with a rebound.
19:35 of 2nd period - Slapshot by Nicholas Baptiste.
19:35 of 2nd period - Deflect By Pavel Zacha.
19:35 of 2nd period - Stopped by Joacim Eriksson with a rebound.
19:53 of 2nd period - Pavel Zacha is hit by Brandon Kozun and loses puck.
Goals for this period are 1 for Marlies vs 0 for Barracuda.
Shots for this period are 4 for Marlies vs 6 for Barracuda.

3rd period


0:01 of 3rd period - Pavel Zacha wins face-off versus Brandon Kozun in neutral zone.
0:04 of 3rd period - Snap shot by Nick Ritchie.
0:04 of 3rd period - Deflect By Sam Carrick.
0:04 of 3rd period - Shot Misses the Net.
0:04 of 3rd period - Puck is out of play.
0:05 of 3rd period - Sam Carrick wins face-off versus Pavel Zacha in Barracuda zone.
0:30 of 3rd period - Snap shot by Nick Ritchie.
0:30 of 3rd period - Shot Misses the Net.
0:38 of 3rd period - Wrist shot by Alex Iafallo.
0:38 of 3rd period - Goal by Alex Iafallo - Marlies : 1 - Barracuda : 2.
0:39 of 3rd period - Emil Pettersson wins face-off versus Aleksi Saarela in neutral zone.
0:48 of 3rd period - Snap shot by William Carrier.
0:48 of 3rd period - Stopped by Malcolm Subban with a rebound.
1:05 of 3rd period - Minor Penalty to Aleksi Saarela for Tripping.
1:06 of 3rd period - Sam Carrick wins face-off versus Colton Sissons in Marlies zone.
3:05 of 3rd period - Penalty to Aleksi Saarela is over, Aleksi Saarela is back on ice.
3:39 of 3rd period - Off-side.
3:40 of 3rd period - Theodor Blueger wins face-off versus Aleksi Saarela in neutral zone.
4:01 of 3rd period - Slapshot by Chris Wagner.
4:01 of 3rd period - Shot Misses the Net.
4:03 of 3rd period - Slapshot by Noah Gregor.
4:03 of 3rd period - Deflect By Alex Henriksson.
4:03 of 3rd period - Shot Misses the Net.
4:03 of 3rd period - Puck is out of play.
4:04 of 3rd period - Logan Brown wins face-off versus Noah Gregor in Marlies zone.
4:11 of 3rd period - Wrist shot by Logan Brown.
4:11 of 3rd period - Goal by Logan Brown - Marlies : 2 - Barracuda : 2.
4:12 of 3rd period - Pavel Zacha wins face-off versus Sam Carrick in neutral zone.
4:14 of 3rd period - Neal Pionk is hit by Eric Gustafsson and loses puck.
4:43 of 3rd period - Snap shot by Cole Ully.
4:43 of 3rd period - Stopped by Malcolm Subban with a rebound.
5:01 of 3rd period - Haydn Fleury is hit by Alex Henriksson and loses puck.
5:24 of 3rd period - Snap shot by Nick Ritchie.
5:24 of 3rd period - Stopped by Joacim Eriksson without a rebound.
5:25 of 3rd period - Aleksi Saarela wins face-off versus Sam Carrick in Barracuda zone.
5:28 of 3rd period - Wrist shot by Aleksi Saarela.
5:28 of 3rd period - Shot Misses the Net.
5:30 of 3rd period - Snap shot by Aleksi Saarela.
5:30 of 3rd period - Shot Misses the Net.
5:32 of 3rd period - Snap shot by Dennis Gilbert.
5:32 of 3rd period - Stopped by Joacim Eriksson without a rebound.
5:33 of 3rd period - Aleksi Saarela wins face-off versus Sam Carrick in Barracuda zone.
5:34 of 3rd period - Snap shot by JT Compher.
5:34 of 3rd period - Stopped by Joacim Eriksson with a rebound.
5:36 of 3rd period - Slapshot by Aleksi Saarela.
5:36 of 3rd period - Stopped by Joacim Eriksson with a rebound.
5:38 of 3rd period - Wrist shot by Tyler Bertuzzi.
5:38 of 3rd period - Stopped by Joacim Eriksson with a rebound.
5:40 of 3rd period - Backhand shot by Dennis Gilbert.
5:40 of 3rd period - Stopped by Joacim Eriksson with a rebound.
5:42 of 3rd period - Wrist shot by JT Compher.
5:42 of 3rd period - Shot Misses the Net.
6:26 of 3rd period - Eric Gustafsson is hit by Logan Brown and loses puck.
6:37 of 3rd period - JT Compher is hit by Alex Henriksson.
6:43 of 3rd period - Slapshot by Eric Gustafsson.
6:43 of 3rd period - Shot Blocked by Neal Pionk.
6:45 of 3rd period - Snap shot by Mario Lucia.
6:45 of 3rd period - Shot Blocked by Tyler Bertuzzi.
6:49 of 3rd period - Slapshot by Eric Gustafsson.
6:49 of 3rd period - Stopped by Malcolm Subban with a rebound.
7:03 of 3rd period - Slapshot by Linden Vey.
7:03 of 3rd period - Stopped by Joacim Eriksson with a rebound.
7:05 of 3rd period - Snap shot by Linden Vey.
7:05 of 3rd period - Shot Blocked by Alex Iafallo.
7:07 of 3rd period - Wrist shot by Colton Sissons.
7:07 of 3rd period - Stopped by Joacim Eriksson without a rebound.
7:08 of 3rd period - Pavel Zacha wins face-off versus Emil Pettersson in Barracuda zone.
7:12 of 3rd period - Icing by Samuel Groulx.
7:13 of 3rd period - Pavel Zacha wins face-off versus Emil Pettersson in Barracuda zone.
7:28 of 3rd period - Wrist shot by Emil Pettersson.
7:28 of 3rd period - Shot Misses the Net.
7:50 of 3rd period - Snap shot by Nick Ritchie.
7:50 of 3rd period - Stopped by Joacim Eriksson with a rebound.
7:52 of 3rd period - Snap shot by Pavel Zacha.
7:52 of 3rd period - Shot Misses the Net.
8:05 of 3rd period - Minor Penalty to Samuel Groulx for Roughing.
8:06 of 3rd period - Linden Vey wins face-off versus Alex Iafallo in Barracuda zone.
8:10 of 3rd period - Slapshot by Linden Vey.
8:10 of 3rd period - Shot Misses the Net.
8:12 of 3rd period - Wrist shot by Tyler Bertuzzi.
8:12 of 3rd period - Stopped by Joacim Eriksson with a rebound.
8:14 of 3rd period - Snap shot by Aleksi Saarela.
8:14 of 3rd period - Shot Misses the Net.
8:16 of 3rd period - Wrist shot by Tyler Bertuzzi.
8:16 of 3rd period - Shot Misses the Net.
8:18 of 3rd period - Slapshot by Linden Vey.
8:18 of 3rd period - Shot Misses the Net.
10:05 of 3rd period - Penalty to Samuel Groulx is over, Samuel Groulx is back on ice.
10:11 of 3rd period - Icing by Samuel Groulx.
10:12 of 3rd period - Alex Iafallo wins face-off versus Logan Brown in Barracuda zone.
10:17 of 3rd period - Logan Brown is hit by Justin Shugg and loses puck.
10:38 of 3rd period - Tyler Benson is hit by Mario Lucia and loses puck.
11:41 of 3rd period - William Carrier is hit by Dennis Gilbert and loses puck.
11:46 of 3rd period - Snap shot by Nicholas Baptiste.
11:46 of 3rd period - Deflect By Nick Ritchie.
11:46 of 3rd period - Shot Blocked by Alex Lintuniemi.
11:46 of 3rd period - Puck is out of play.
11:47 of 3rd period - Pavel Zacha wins face-off versus Emil Pettersson in Barracuda zone.
11:48 of 3rd period - Snap shot by Nicholas Baptiste.
11:48 of 3rd period - Stopped by Joacim Eriksson with a rebound.
12:21 of 3rd period - Slapshot by Neal Pionk.
12:21 of 3rd period - Shot Misses the Net.
12:23 of 3rd period - Snap shot by Neal Pionk.
12:23 of 3rd period - Shot Misses the Net.
12:56 of 3rd period - Wrist shot by Alex Henriksson.
12:56 of 3rd period - Shot Misses the Net.
12:58 of 3rd period - Snap shot by Noah Gregor.
12:58 of 3rd period - Shot Misses the Net.
13:00 of 3rd period - Slapshot by Alex Henriksson.
13:00 of 3rd period - Stopped by Malcolm Subban with a rebound.
13:02 of 3rd period - Wrist shot by Alex Henriksson.
13:02 of 3rd period - Goal by Alex Henriksson - Marlies : 2 - Barracuda : 3.
13:03 of 3rd period - Pavel Zacha wins face-off versus Alex Iafallo in neutral zone.
13:03 of 3rd period - Pavel Zacha is hit by Markus Nutivaara.
13:09 of 3rd period - Wrist shot by Nick Ritchie.
13:09 of 3rd period - Goal by Nick Ritchie - Marlies : 3 - Barracuda : 3.
13:10 of 3rd period - Pavel Zacha wins face-off versus Sam Carrick in neutral zone.
13:13 of 3rd period - Snap shot by Nick Ritchie.
13:13 of 3rd period - Shot Misses the Net.
13:15 of 3rd period - Slapshot by Haydn Fleury.
13:15 of 3rd period - Deflect By Nicholas Baptiste.
13:15 of 3rd period - Shot Misses the Net.
13:15 of 3rd period - Puck is out of play.
13:16 of 3rd period - Sam Carrick wins face-off versus Pavel Zacha in Barracuda zone.
13:18 of 3rd period - Minor Penalty to Alex Iafallo for Slashing.
13:19 of 3rd period - Nicholas Baptiste wins face-off versus Drew O'Connor in Barracuda zone.
13:19 of 3rd period - Snap shot by Colton Sissons.
13:19 of 3rd period - Shot Misses the Net.
13:21 of 3rd period - Snap shot by Nicholas Baptiste.
13:21 of 3rd period - Shot Misses the Net.
13:23 of 3rd period - Snap shot by Nick Ritchie.
13:23 of 3rd period - Shot Misses the Net.
13:25 of 3rd period - Snap shot by Nick Ritchie.
13:25 of 3rd period - Shot Misses the Net.
13:27 of 3rd period - Wrist shot by Nicholas Baptiste.
13:27 of 3rd period - Stopped by Joacim Eriksson with a rebound.
13:29 of 3rd period - Wrist shot by Colton Sissons.
13:29 of 3rd period - Deflect By Nick Ritchie.
13:29 of 3rd period - Shot Blocked by Sam Carrick.
13:29 of 3rd period - Puck is out of play.
13:30 of 3rd period - Colton Sissons wins face-off versus Drew O'Connor in Barracuda zone.
13:33 of 3rd period - Slapshot by Nick Ritchie.
13:33 of 3rd period - Stopped by Joacim Eriksson with a rebound.
13:35 of 3rd period - Slapshot by Neal Pionk.
13:35 of 3rd period - Stopped by Joacim Eriksson with a rebound.
13:37 of 3rd period - Snap shot by Colton Sissons.
13:37 of 3rd period - Stopped by Joacim Eriksson with a rebound.
13:39 of 3rd period - Slapshot by Neal Pionk.
13:39 of 3rd period - Stopped by Joacim Eriksson with a rebound.
14:26 of 3rd period - Nicholas Baptiste is hit by David Shields and loses puck.
14:33 of 3rd period - Emil Pettersson is hit by Brett Pesce and loses puck.
15:18 of 3rd period - Penalty to Alex Iafallo is over, Alex Iafallo is back on ice.
16:05 of 3rd period - Lucas Carlsson is hit by Cole Ully and loses puck.
17:00 of 3rd period - Robin Norell is hit by Pavel Zacha and loses puck.
19:09 of 3rd period - Jerome Gauthier-Leduc is hit by Nick Ritchie and loses puck.
19:40 of 3rd period - Neal Pionk is hit by Drew O'Connor and loses puck.
Goals for this period are 2 for Marlies vs 2 for Barracuda.
Shots for this period are 18 for Marlies vs 6 for Barracuda.

Overtime #1


0:01 of 1st overtime period - Colton Sissons wins face-off versus Alex Iafallo in neutral zone.
0:05 of 1st overtime period - Off-side.
0:06 of 1st overtime period - Alex Iafallo wins face-off versus Colton Sissons in neutral zone.
0:13 of 1st overtime period - Wrist shot by Alex Iafallo.
0:13 of 1st overtime period - Goal by Alex Iafallo - Marlies : 3 - Barracuda : 4.
Goals for this period are 0 for Marlies vs 1 for Barracuda.
Shots for this period are 0 for Marlies vs 1 for Barracuda.